PL
PANAMA CITY PIRANHAS @ D.C. DIVIDED
08/07/2026
 
TOP OF THE 1ST
Panama City Piranhas batting - Pitching for D.C. Divided : RHP Luis Fernández
Pitching: RHP Luis Fernández
Batting: RHB Juan Jose Ayala 0-0: Foul Ball, location: 2F
0-1: Ball
1-1: Swinging Strike
1-2: Ball
2-2: DOUBLE (Line Drive, 89D)
Batting: LHB Herman Hayes 0-0: Ball
1-0: Ground out 4-3 (Groundball, 4M)
Juan Jose Ayala to third
Batting: SHB Tsing Guao 0-0: Ball
1-0: Ball
2-0: Called Strike
2-1: Ball
3-1: Ground out 3-1 (Groundball, 34)
Juan Jose Ayala scores
Batting: RHB Fernando Silva 0-0: SINGLE (Line Drive, 78M)
Batting: LHB Sergio Muńóz 0-0: Called Strike
0-1: Ball
1-1: SINGLE (Flyball, 8RS)
Fernando Silva to second
Batting: RHB Armando Alvarado 0-0: Called Strike
0-1: Fly out, F9 (Flyball, 9LS)
Top of the 1st over - 1 run(s), 3 hit(s), 0 error(s), 2 left on base; Panama City 1 - D.C. 0
BOTTOM OF THE 1ST
D.C. Divided batting - Pitching for Panama City Piranhas : LHP Wayne Craig
Pitching: LHP Wayne Craig
Batting: RHB Arturo Rodríguez 0-0: Ball
1-0: Foul Ball, location: 2F
1-1: Foul Ball, location: 2F
1-2: Ball
2-2: Ball
3-2: Fly out, F7 (Flyball, 7S)
Batting: RHB Tony Romero 0-0: Hit by Pitch
Batting: LHB Mike Gardner 0-0: Ball
Tony Romero is caught stealing 2nd base
1-0: Swinging Strike
1-1: Swinging Strike
1-2: Ball
2-2: Ball
3-2: Strikes out swinging
Bottom of the 1st over - 0 run(s), 0 hit(s), 0 error(s), 0 left on base; Panama City 1 - D.C. 0
TOP OF THE 2ND
Panama City Piranhas batting - Pitching for D.C. Divided : RHP Luis Fernández
Batting: RHB Baldomero Avino 0-0: Ground out 6-3 (Groundball, 56)
Batting: SHB Marc Talamante 0-0: Called Strike
0-1: Called Strike
0-2: Ground out 6-3 (Groundball, 6)
Batting: LHB Jack Sutherland 0-0: Called Strike
0-1: Ball
1-1: Called Strike
1-2: Ground out 5-3 (Groundball, 56S)
Top of the 2nd over - 0 run(s), 0 hit(s), 0 error(s), 0 left on base; Panama City 1 - D.C. 0
BOTTOM OF THE 2ND
D.C. Divided batting - Pitching for Panama City Piranhas : LHP Wayne Craig
Batting: RHB Mario Castillo 0-0: Ball
1-0: Ball
2-0: Called Strike
2-1: Foul Ball, location: 2F
2-2: Fly out, F5 (Popup, 56)
Batting: RHB Robert O'Connor 0-0: Called Strike
0-1: Called Strike
0-2: Strikes out looking
Batting: RHB Wilbur Davis 0-0: SINGLE (Groundball, 56D)
Batting: RHB Lúcio López 0-0: Fielders Choice at 2nd, 6-4 (Groundball, 6)
Bottom of the 2nd over - 0 run(s), 1 hit(s), 0 error(s), 0 left on base; Panama City 1 - D.C. 0
TOP OF THE 3RD
Panama City Piranhas batting - Pitching for D.C. Divided : RHP Luis Fernández
Batting: RHB Juan Jose Ayala 0-0: Called Strike
0-1: Swinging Strike
0-2: Ball
1-2: Fly out, F9 (Flyball, 9)
Batting: LHB Herman Hayes 0-0: Ball
1-0: Foul Ball, location: 2F
1-1: Foul Ball, location: 2F
1-2: Foul Ball, location: 2F
1-2: Ball
2-2: Ball
3-2: Foul Ball, location: 2F
3-2: Foul Ball, location: 2F
3-2: Ground out 4-3 (Groundball, 4)
Batting: SHB Tsing Guao 0-0: Ball
1-0: Called Strike
1-1: Ball
2-1: SINGLE (Groundball, 6MD)
Batting: RHB Fernando Silva 0-0: Ball
1-0: Ball
2-0: Ball
3-0: Called Strike
3-1: Called Strike
3-2: Fly out, F5 (Line Drive, 5)
Top of the 3rd over - 0 run(s), 1 hit(s), 0 error(s), 1 left on base; Panama City 1 - D.C. 0
BOTTOM OF THE 3RD
D.C. Divided batting - Pitching for Panama City Piranhas : LHP Wayne Craig
Batting: LHB Charles Mathes 0-0: Ground out 4-3 (Groundball, 4)
Batting: RHB Cristo González 0-0: Ground out U3 (Groundball, 3L)
Batting: RHB Arturo Rodríguez 0-0: Ball
1-0: Ball
2-0: Called Strike
2-1: Called Strike
2-2: Strikes out swinging
Bottom of the 3rd over - 0 run(s), 0 hit(s), 0 error(s), 0 left on base; Panama City 1 - D.C. 0
TOP OF THE 4TH
Panama City Piranhas batting - Pitching for D.C. Divided : RHP Luis Fernández
Batting: LHB Sergio Muńóz 0-0: Called Strike
0-1: Swinging Strike
0-2: Ball
1-2: Strikes out swinging
Batting: RHB Armando Alvarado 0-0: Called Strike
0-1: Fly out, F8 (Flyball, 8RM)
Batting: RHB Baldomero Avino 0-0: Ball
1-0: Ball
2-0: Called Strike
2-1: Ball
3-1: Base on Balls
Batting: SHB Marc Talamante 0-0: Ball
1-0: SINGLE (Groundball, 4MD)
Baldomero Avino to second
Runner from 2nd tries for 3rd, OUT!
Top of the 4th over - 0 run(s), 1 hit(s), 0 error(s), 1 left on base; Panama City 1 - D.C. 0
BOTTOM OF THE 4TH
D.C. Divided batting - Pitching for Panama City Piranhas : LHP Wayne Craig
Batting: RHB Tony Romero 0-0: Fly out, F7 (Flyball, 7LS)
Batting: LHB Mike Gardner 0-0: Ground out 3-1 (Groundball, 34)
Batting: RHB Mario Castillo 0-0: Fly out, F6 (Popup, 6S)
Bottom of the 4th over - 0 run(s), 0 hit(s), 0 error(s), 0 left on base; Panama City 1 - D.C. 0
TOP OF THE 5TH
Panama City Piranhas batting - Pitching for D.C. Divided : RHP Luis Fernández
Batting: LHB Jack Sutherland 0-0: Ball
1-0: Ball
2-0: Called Strike
2-1: Ball
3-1: Called Strike
3-2: Strikes out swinging
Batting: RHB Juan Jose Ayala 0-0: Called Strike
0-1: Ball
1-1: Called Strike
1-2: Ball
2-2: Fly out, F7 (Flyball, 7)
Batting: LHB Herman Hayes 0-0: Ball
1-0: Foul Ball, location: 2F
1-1: Ball
2-1: SOLO HOME RUN (Flyball, 89XD), Distance : 427 ft
Batting: SHB Tsing Guao 0-0: Ball
1-0: Ball
2-0: Ball
3-0: Base on Balls
Batting: RHB Fernando Silva 0-0: Called Strike
0-1: Called Strike
0-2: Ground out 5-3 (Groundball, 56S)
Top of the 5th over - 1 run(s), 1 hit(s), 0 error(s), 1 left on base; Panama City 2 - D.C. 0
BOTTOM OF THE 5TH
D.C. Divided batting - Pitching for Panama City Piranhas : LHP Wayne Craig
Batting: RHB Robert O'Connor 0-0: Ball
1-0: Foul Ball, location: 2F
1-1: Fly out, F8 (Flyball, 8LM)
Batting: RHB Wilbur Davis 0-0: Called Strike
0-1: Ball
1-1: SINGLE (Groundball, 56D)
Batting: RHB Lúcio López 0-0: Foul Ball, location: 2F
0-1: Swinging Strike
0-2: Strikes out looking
Batting: LHB Charles Mathes 0-0: Fielders Choice at 2nd, 6-4 (Groundball, 6)
Bottom of the 5th over - 0 run(s), 1 hit(s), 0 error(s), 0 left on base; Panama City 2 - D.C. 0
TOP OF THE 6TH
Panama City Piranhas batting - Pitching for D.C. Divided : RHP Luis Fernández
Batting: LHB Sergio Muńóz 0-0: Ball
1-0: Ball
2-0: SOLO HOME RUN (Flyball, 9D), Distance : 383 ft
Batting: RHB Armando Alvarado 0-0: Ball
1-0: Swinging Strike
1-1: Ground out 5-3 (Groundball, 56S)
Batting: RHB Baldomero Avino 0-0: Called Strike
0-1: Ball
1-1: Foul Ball, location: 2F
1-2: Foul Ball, location: 2F
1-2: Strikes out swinging
Batting: SHB Marc Talamante 0-0: Called Strike
0-1: Swinging Strike
0-2: Ball
1-2: Strikes out swinging
Top of the 6th over - 1 run(s), 1 hit(s), 0 error(s), 0 left on base; Panama City 3 - D.C. 0
BOTTOM OF THE 6TH
D.C. Divided batting - Pitching for Panama City Piranhas : LHP Wayne Craig
Batting: RHB Cristo González 0-0: Called Strike
0-1: Ground out 6-3 (Groundball, 6D)
Batting: RHB Arturo Rodríguez 0-0: Ball
1-0: Ball
2-0: Ground out 5-3 (Groundball, 5S)
Batting: RHB Tony Romero 0-0: Foul Ball, location: 2F
0-1: Ball
1-1: SINGLE (Line Drive, 7LM)
Batting: LHB Mike Gardner 0-0: Called Strike
0-1: Ball
1-1: Ball
2-1: Ball
3-1: Swinging Strike
3-2: Foul Ball, location: 2F
3-2: Ground out 4-3 (Groundball, 4)
Bottom of the 6th over - 0 run(s), 1 hit(s), 0 error(s), 1 left on base; Panama City 3 - D.C. 0
TOP OF THE 7TH
Panama City Piranhas batting - Pitching for D.C. Divided : RHP Luis Fernández
Batting: LHB Jack Sutherland 0-0: Called Strike
0-1: Ball
1-1: Ball
2-1: Called Strike
2-2: Ball
3-2: Base on Balls
Batting: RHB Juan Jose Ayala 0-0: Foul Ball, location: 2F
0-1: Ball
1-1: Foul Ball, location: 2F
1-2: SINGLE (Groundball, 56D)
Jack Sutherland to second
Batting: LHB Herman Hayes 0-0: Ball
1-0: Foul Ball, location: 2F
1-1: Called Strike
1-2: Fly out, F7 (Flyball, 7LDF)
Runner from 2nd tags up, SAFE at 3rd, no throw
Batting: SHB Tsing Guao 0-0: Fly out, F7 (Flyball, 7S)
Pitching: LHP Domingo Posadas
Batting: RHB Fernando Silva 0-0: Called Strike
0-1: Called Strike
0-2: Ball
1-2: Fly out, F9 (Flyball, 89M)
Top of the 7th over - 0 run(s), 1 hit(s), 0 error(s), 2 left on base; Panama City 3 - D.C. 0
BOTTOM OF THE 7TH
D.C. Divided batting - Pitching for Panama City Piranhas : LHP Wayne Craig
Batting: RHB Mario Castillo 0-0: Ball
1-0: Fly out, F8 (Flyball, 78M)
Batting: RHB Robert O'Connor 0-0: Swinging Strike
0-1: Foul Ball, location: 2F
0-2: Foul Ball, location: 2F
0-2: Ball
1-2: Foul Ball, location: 2F
1-2: Ball
2-2: Foul Ball, location: 2F
2-2: Ball
3-2: Foul Ball, location: 2F
3-2: Strikes out swinging
Batting: RHB Wilbur Davis 0-0: Called Strike
0-1: Ball
1-1: Called Strike
1-2: Ground out 6-3 (Groundball, 56)
Bottom of the 7th over - 0 run(s), 0 hit(s), 0 error(s), 0 left on base; Panama City 3 - D.C. 0
TOP OF THE 8TH
Panama City Piranhas batting - Pitching for D.C. Divided : LHP Domingo Posadas
Batting: LHB Sergio Muńóz 0-0: Called Strike
0-1: Ball
1-1: Ball
2-1: Called Strike
2-2: Strikes out swinging
Batting: RHB Armando Alvarado 0-0: Ball
1-0: Fly out, F8 (Line Drive, 8LM)
Batting: RHB Baldomero Avino 0-0: Ground out 6-3 (Groundball, 6)
Top of the 8th over - 0 run(s), 0 hit(s), 0 error(s), 0 left on base; Panama City 3 - D.C. 0
BOTTOM OF THE 8TH
D.C. Divided batting - Pitching for Panama City Piranhas : LHP Wayne Craig
Batting: RHB Lúcio López 0-0: Ball
1-0: Swinging Strike
1-1: Ball
2-1: Ball
3-1: Fly out, F7 (Flyball, 7LM)
Batting: LHB Charles Mathes 0-0: Called Strike
0-1: Foul Ball, location: 2F
0-2: Ball
1-2: Ball
2-2: Fly out, F4 (Popup, 4D)
Batting: RHB Cristo González 0-0: Foul Ball, location: 2F
0-1: Ball
1-1: Ground out 5-3 (Groundball, 56)
Bottom of the 8th over - 0 run(s), 0 hit(s), 0 error(s), 0 left on base; Panama City 3 - D.C. 0
TOP OF THE 9TH
Panama City Piranhas batting - Pitching for D.C. Divided : LHP Domingo Posadas
Batting: SHB Marc Talamante 0-0: Foul Ball, location: 2F
0-1: Foul Ball, location: 2F
0-2: Ball
1-2: Ground out 6-3 (Groundball, 6)
Batting: LHB Jack Sutherland 0-0: Ball
1-0: Swinging Strike
1-1: Foul Ball, location: 2F
1-2: Foul Ball, location: 2F
1-2: Strikes out swinging
Batting: RHB Juan Jose Ayala 0-0: Called Strike
0-1: Ball
1-1: Swinging Strike
1-2: Foul Ball, location: 2F
1-2: Ball
2-2: Ball
3-2: Base on Balls
Batting: LHB Herman Hayes 0-0: Foul Ball, location: 2F
0-1: Ball
1-1: Ball
2-1: Foul Ball, location: 2F
2-2: Fly out, F6 (Popup, 6)
Top of the 9th over - 0 run(s), 0 hit(s), 0 error(s), 1 left on base; Panama City 3 - D.C. 0
BOTTOM OF THE 9TH
D.C. Divided batting - Pitching for Panama City Piranhas : LHP Wayne Craig
Batting: RHB Arturo Rodríguez 0-0: Called Strike
0-1: Foul Ball, location: 2F
0-2: Ball
1-2: Foul Ball, location: 2F
1-2: Fly out, F7 (Flyball, 7LD)
Batting: RHB Tony Romero 0-0: Reached on error, E3 (Groundball, 3L)
Batting: LHB Mike Gardner 0-0: Fielders Choice at 2nd, 3-6 (Groundball, 3)
Batting: RHB Mario Castillo 0-0: Called Strike
0-1: Ground out 1-3 (Groundball, 13)
Bottom of the 9th over - 0 run(s), 0 hit(s), 1 error(s), 1 left on base; Panama City 3 - D.C. 0
Monday, March 20th, 2017 - OOTP Baseball 17.12 Build 75